 Dungeon Crawl Stone Soup version 0.19.5 (webtiles) character file.

60 empire the Conjurer (level 3, -2/24 HPs)
             Began as a Mummy Conjurer on Mar 7, 2017.
             Slain by an adder (4 damage)
             ... on level 2 of the Dungeon.
             The game lasted 00:03:43 (2492 turns).

empire the Conjurer (Mummy Conjurer)                Turns: 2492, Time: 00:03:44

Health: -2/24      AC:  3    Str: 11    XL:     3   Next: 82%
Magic:  3/7        EV: 12    Int: 15    God:
Gold:   28         SH:  0    Dex: 12    Spells: 2 memorised, 3 levels left

rFire  x . .     SeeInvis .     b - +0 hand axe
rCold  + . .     Gourm    .     d - +0 robe
rNeg   + + +     Faith    .     (no shield)
rPois  ∞         Spirit   .     j - +0 helmet
rElec  .         Reflect  .     (no cloak)
rCorr  .         Harm     .     (no gloves)
MR     .....                    (no boots)
Stlth  ++........               (no amulet)
                                (no ring)
                                (no ring)

@: no status effects
A: no food or potions, fire vulnerability, cold resistance 1, negative energy
resistance 3, torment resistance, unbreathing
a: no special abilities


You were on level 2 of the Dungeon.
You were not hungry.

You visited 1 branch of the dungeon, and saw 2 of its levels.

You collected 28 gold pieces.

Inventory:

Hand Weapons
 a - a +0 dagger
 b - a +0 hand axe (weapon)
Armour
 d - a +0 robe (worn)
 j - a +0 helmet (worn)
Scrolls
 c - a scroll of blinking {unknown}
 f - 2 scrolls of fear {unknown}
 g - a scroll of amnesia {unknown}
 h - a scroll of teleportation {unknown}
 i - a scroll of remove curse {unknown}
Books
 e - a book of Conjurations

   Spells                             Type                      Level
   a - Magic Dart                     Conjuration                  1
   b - Searing Ray                    Conjuration                  2
   c - Dazzling Spray                 Conjuration/Hexes            3
   d - Fulminant Prism                Conjuration/Hexes            4
   e - Iskenderun's Mystic Blast      Conjuration                  4
   f - Iskenderun's Battlesphere      Conjuration/Charms           5


   Skills:
 - Level 1.5 Dodging
 - Level 1.5 Stealth
 + Level 2.9 Spellcasting
 - Level 4.0 Conjurations
 + Level 0.5 Hexes


You had 3 spell levels left.
You knew the following spells:

 Your Spells              Type           Power        Failure   Level  Hunger
a - Magic Dart            Conj           ##..         4%          1    N/A
b - Dazzling Spray        Conj/Hex       #.....       30%         3    N/A

Dungeon Overview and Level Annotations

Branches:
Dungeon (2/15)

Altars:


Innate Abilities, Weirdness & Mutations

You do not eat or drink.
Your flesh is vulnerable to fire.
You are immune to poison.
Your flesh is cold resistant. (rC+)
You are immune to negative energy. (rN+++)
You are immune to unholy pain and torment.
You can survive without breathing.


Message History

The adder is severely wounded.
The adder completely misses you.
You closely miss the adder.
The adder is severely wounded.
The adder bites you but does no damage. The adder misses you.
The hobgoblin hits you with a club.
* * * LOW HITPOINT WARNING * * *
Casting: Magic Dart
Confirm with . or Enter, or press ? or * to list all spells.
Aiming: Magic Dart
Press: ? - help, Shift-Dir - straight line, f - adder
Aim: an adder (severely wounded)
The magic dart hits the adder.
The adder is severely wounded.
The adder bites you.
* * * LOW HITPOINT WARNING * * *
The kobold barely misses you. The hobgoblin hits you with a club.
* * * LOW HITPOINT WARNING * * *
The adder bites you.
You die...

## #####....$.....#
.##
...............#
..# ..............#
.## .............#
## #...........#
#..........# ##
#..[.g...# .##
#...SK...# ..# .
#.# ##..@.##...#
.######...####....#
..# ## .........
#....# #
###...#...####.####
...#####.......#
...............##
####..†.........##
#..............#
#..............#


You could see an adder, a hobgoblin and a kobold.

Vanquished Creatures
  An ooze (D:1)
  A worm (D:2)
  3 dart slugs
  5 leopard geckos (D:1)
  5 bats
  A giant cockroach (D:1)
  5 goblins
  6 hobgoblins
  A quokka (D:2)
  2 frilled lizards
  5 kobolds
  4 rats
39 creatures vanquished.

Notes
Turn   | Place    | Note
-------+----------+-------------------------------------------
     0 | D:1      | empire the Mummy Conjurer began the quest for the Orb.
     0 | D:1      | Reached XP level 1. HP: 13/13 MP: 3/3
   357 | D:1      | Reached XP level 2. HP: 16/19 MP: 0/5
  1224 | D:1      | Reached XP level 3. HP: 16/24 MP: 0/7
  2062 | D:2      | Reached skill level 4 in Conjurations
  2067 | D:2      | Learned a level 3 spell: Dazzling Spray
  2492 | D:2      | Slain by an adder

Skill      XL: |  1  2  3 |
---------------+----------+-----
Conjurations   | 4 |  4.0
Dodging        | |  1.5
Stealth        | |  1.5
Spellcasting   | |  2.9
Hexes          | |  0.5

Action                   || total
-------------------------++-------
Melee: Unarmed           ||    16
       Hand axe          ||    47
       Club              ||     4
 Cast: Magic Dart        ||    77
Armor: Robe              ||    13
Dodge: Dodged            ||    73
